 Dungeon Crawl Stone Soup version 0.28-a0-503-g83f2989fac (webtiles) character file.

Game seed: 15523800230544662867

229 Dabor the Sneak (level 5, -1/25 HPs)
             Began as a Spriggan Enchanter on Sept 20, 2021.
             Killed from afar by Grinder (2 damage)
             ... with a puff of flame
             ... on level 4 of the Dungeon.
             The game lasted 00:09:20 (4541 turns).

Dabor the Sneak (Spriggan Enchanter)                Turns: 4541, Time: 00:09:20

Health: -1/25      AC:  6    Str:  4    XL:     5   Next: 71%
Magic:  8/11       EV: 18    Int: 23    God:
Gold:   102        SH:  0    Dex: 16    Spells: 2/10 levels left

rFire   . . .      SeeInvis +   h - +1 short sword (protect)
rCold   . . .      Faith    .   (shield restricted)
rNeg    . . .      Spirit   .   b - +0 robe
rPois   .          Reflect  .   (helmet restricted)
rElec   .          Harm     .   (no cloak)
rCorr   .          Rampage  .   (gloves unavailable)
Will    .....                   (boots unavailable)
Stlth   +++.......              (no amulet)
HPRegen 0.08/turn               w - +6 ring of intelligence
MPRegen 0.12/turn               t - +4 ring of protection

@: confusing by touch, very quick
A: very small, no large weapons, unfitting armour, see invisible, speed 3
a: no special abilities


You were on level 4 of the Dungeon.
You visited 1 branch of the dungeon, and saw 4 of its levels.

You collected 102 gold pieces.

Inventory:

Hand Weapons
 h - a +1 short sword of protection (weapon)
 l - a +1 dagger
Armour
 b - a +0 robe (worn)
Jewellery
 g - a ring of fire
 k - a ring of resist corrosion
 s - a ring of ice
 t - a +4 ring of protection (right hand)
 w - a +6 ring of intelligence (left hand)
Scrolls
 i - 4 scrolls of identify {unknown}
 o - a scroll of enchant armour {unknown}
 q - a scroll of torment {unknown}
 u - a scroll of noise {unknown}
Potions
 a - a potion of flight {unknown}
 c - 2 potions of invisibility
 d - a potion of degeneration {unknown}
 f - 4 potions of heal wounds {unknown}
 j - a potion of brilliance {unknown}
 m - a potion of mutation {unknown}
 p - a potion of attraction {unknown}
 r - a potion of might {unknown}
 v - a potion of curing {unknown}


   Skills:
 + Level 0.9 Fighting
 * Level 2.7 Short Blades
 * Level 4.1 Dodging
 * Level 6.0 Stealth
 + Level 3.4 Spellcasting
 + Level 4.3 Hexes
 - Level 1.5 Ice Magic


You had 2 spell levels left.
You knew the following spells:

 Your Spells              Type           Power      Damage    Failure   Level
a - Ensorcelled Hibernat  Hex/Ice        34%        N/A       4%          2
b - Tukima's Dance        Hex            23%        N/A       6%          3
c - Confusing Touch       Hex            23%        N/A       6%          3

Your spell library contained the following spells:

 Spells                   Type           Power      Damage    Failure   Level
 Summon Small Mammal      Summ           12%        N/A       11%         1
 Dazzling Flash           Conj/Hex       26%        N/A       14%         3
 Summon Guardian Golem    Hex/Summ       13%        N/A       14%         3
 Call Canine Familiar     Summ           3%         N/A       32%         3


Dungeon Overview and Level Annotations

Branches:
Dungeon (4/15)
 Temple: D:4-7

Altars:
Gozag
Hepliaklqana

Annotations:
D:4 Grinder


Innate Abilities, Weirdness & Mutations

You are very small and have problems with some larger weapons.
You are too small for most types of armour.
You have supernaturally acute eyesight. (SInv)
You cover ground extremely quickly. (Speed+++)


Message History

Ouch! That really hurt!
The endoplasm jiggles.
Grinder comes into view.
She is carrying a wand of flame (20).
The helpless Grinder fails to defend herself.
You impale Grinder!!
Your weapon exudes an aura of protection.
Grinder is heavily wounded.
Grinder hits you but does no damage.
You can't see any susceptible monsters within range! (Use Z to cast anyway.)
Casting: Ensorcelled Hibernation (safe; 4% risk of failure)
Confirm with . or Enter, or press ? or * to list all spells.
You can't see any susceptible monsters within range! (Use Z to cast anyway.) Unknown command.
Unknown command.
Casting: Ensorcelled Hibernation (safe; 4% risk of failure)
Confirm with . or Enter, or press ? or * to list all spells.
The spell is quite dangerous to cast (6% risk of failure)!
Continue anyway?
Aiming: Tukima's Dance (quite dangerous; 6% risk of failure)
Press: ? - help, Shift-Dir - straight line, f - Grinder
Aim: Grinder, carrying a wand of flame (20) (heavily wounded, not susceptible)
Okay, then.
Unknown command.
Casting: Tukima's Dance (quite dangerous; 6% risk of failure)
Confirm with . or Enter, or press ? or * to list all spells.
The spell is quite dangerous to cast (6% risk of failure)!
Continue anyway?
Your hands begin to glow red.
Grinder zaps a wand.
The puff of flame hits you!
* * * LOW HITPOINT WARNING * * *
You hit Grinder but do no damage.
Grinder is heavily wounded.
Grinder zaps a wand.
The puff of flame hits you.
* * * LOW HITPOINT WARNING * * *
As you read the scroll labelled EPAUHO XIYVE, it crumbles to dust.
You feel aware of your surroundings.
It was a scroll of magic mapping.
Grinder gestures at you. You resist with some effort.
Blink to where?
Press: ? - help, Dir - move target
As you read the scroll labelled ROCOGI ISE, it crumbles to dust.
It was a scroll of blinking.
Grinder zaps a wand.
The puff of flame hits you.
You die...

.#.#..###,,...,*,***,*,*,*,*,,,*,
#.#.#...#.....,#...,,*,*,*,*,,,*,
.#.#..###..#**,...,,,*,,,,,*,,,*,
#.#.##....######..,,****,***,,,*,
.#.#,#)#..........,,* *,* **,**,
...###....#####..#*** *,* *,,,,
#.#...###.# #..# *,* *****
#.#.#.###.# #..#******,*
###...##.o#####.@#,,,,,,,*
[........#J.ยง5...#,*******
......####.####.##,* ....J##
#..,,#.,,,**
....#########,#.,,,,* #.....o..#
*,#.,,,,* #....J...####'#.,,,,*
#.......o.......,,,,*
.......o........,,,,*


You could see Grinder and an endoplasm.

Vanquished Creatures
  A water moccasin skeleton (D:4)
  A hound (D:3)
  A centaur skeleton (D:4)
  6 adders
  An adder skeleton (D:4)
  A worm (D:3)
  A dart slug (D:2)
  4 orcs
  5 bats
  3 endoplasms
  5 goblins
  6 hobgoblins
  A jackal (D:4)
  7 kobolds
  4 quokkas (D:3)
  6 ball pythons
  A frilled lizard (D:2)
  6 rats
60 creatures vanquished.

Vanquished Creatures (collateral kills)
  A kobold (D:4)
1 creature vanquished.

Vanquished Creatures (others)
  7 plants
7 creatures vanquished.

Grand Total: 68 creatures vanquished

Notes
Turn   | Place    | Note
-------+----------+-------------------------------------------
     0 | D:1      | Dabor the Spriggan Enchanter began the quest for the Orb.
     0 | D:1      | Reached XP level 1. HP: 9/9 MP: 5/5
   474 | D:1      | Reached XP level 2. HP: 8/13 MP: 6/6
   477 | D:1      | Learned a level 2 spell: Ensorcelled Hibernation
   655 | D:1      | Found a faded altar of an unknown god.
  1614 | D:2      | Reached XP level 3. HP: 15/16 MP: 2/8
  2216 | D:2      | Reached skill level 5 in Stealth
  2625 | D:3      | Reached XP level 4. HP: 19/21 MP: 2/9
  2690 | D:3      | Learned a level 3 spell: Tukima's Dance
  2694 | D:3      | Learned a level 3 spell: Confusing Touch
  2779 | D:3      | Reached skill level 1 in Ice Magic
  2900 | D:3      | Found a hazy altar of Hepliaklqana.
  2915 | D:3      | Found an opulent altar of Gozag.
  3858 | D:4      | Reached XP level 5. HP: 25/25 MP: 6/10
  4429 | D:4      | Reached skill level 6 in Stealth
  4532 | D:4      | Noticed Grinder
  4539 | D:4      | HP: 1/25 [Grinder/puff of flame (5)]
  4541 | D:4      | Killed from afar by Grinder

Illustrated notes

Levels and vault maps discovered:
D:1:      lightli_arrival_quake, layout_rooms, hellmonk_ecumenical_altar_run_dry
D:2:      cheibrodos_old_hovel, layout_basic, kennysheep_doodads
D:3:      layout_loops_corners, mainiacjoe_overflow_large_starburst,
          corner_web_ring, kennysheep_cross_room, grunt_ministairs_9,
          serial_bayou_pond_b
D:4:      layout_basic, st_stairs_5, minmay_starry_boxes, uniq_menkaure,
          uniq_grinder

Skill      XL: |  1  2  3  4  5 |
---------------+----------------+-----
Dodging        | 3 4 |  4.1
Spellcasting   | 3 |  3.4
Stealth        | 5 6 |  6.0
Short Blades   | 2 |  2.7
Hexes          | 4 |  4.3
Ice Magic      | 1 |  1.5
Fighting       | |  0.9

Action                   |  1- 3 |  4- 6 || total
-------------------------+-------+-------++-------
Melee: Dagger            |    40 |       ||    40
       Short sword       |    75 |    88 ||   163
Throw: Stone             |    18 |       ||    18
 Cast: Ensorcelled Hiber |    24 |    18 ||    42
       Tukima's Dance    |       |     3 ||     3
       Confusing Touch   |       |     2 ||     2
  Use: Scroll            |       |     2 ||     2
 Stab: Sleeping          |    20 |    11 ||    31
       Confused          |       |     2 ||     2
Armor: Robe              |    15 |    35 ||    50
Dodge: Dodged            |   111 |    78 ||   189

Table legend: (Time is in decaauts)
 A = Elapsed time spent in this place.
 B = Non-inter-level travel time spent in this place.
 C = Inter-level travel time spent in this place.
 D = Time resting spent in this place.
 E = Time spent auto-exploring this place.
 F = Levels seen in this place.
 G = Mean time per level.
                   A        B        C        D        E       F      G
               +--------+--------+--------+--------+--------+-----+--------+
         Total |   3559 |   3498 |     61 |    721 |   2117 |   4 |  889.8 |
       Dungeon |   3559 |   3498 |     61 |    721 |   2117 |   4 |  889.8 |
               +--------+--------+--------+--------+--------+-----+--------+

Top non-repeatable levels by time:
     D:3: 997 daAuts
     D:2: 930 daAuts
     D:1: 830 daAuts
     D:4: 800 daAuts
